 Dungeon Crawl Stone Soup version 0.17.1-1-g73c8601 (webtiles) character file.

86 shmeve the Cudgeler (level 4, -4/67 HPs)
             Began as a Troll Berserker on Apr 19, 2016.
             Was a Believer of Trog.
             Slain by a gnoll (5 damage)
             ... on level 3 of the Dungeon.
             The game lasted 00:04:35 (2019 turns).

shmeve the Cudgeler (Troll Berserker)               Turns: 2019, Time: 00:04:35

Health: -4/67      AC:  6    Str: 30    XL:     4   Next: 27%
Magic:  3/3        EV: 10    Int:  4    God:    Trog [**....]
Gold:   140        SH:  0    Dex:  9    Spells: 0 memorised, 3 levels left

rFire  . . .     SeeInvis .     m - +0 flail
rCold  . . .     Clarity  .     b - +0 animal skin
rNeg   . . .     SustAt   .     (no shield)
rPois  .         Gourm    +     (helmet restricted)
rElec  .         Spirit   .     h - +0 cloak
rCorr  .         Warding  .     (gloves unavailable)
rMut   .         Stasis   .     (boots unavailable)
MR     .....                    (no amulet)
Stlth  ..........               (no ring)
                                (no ring)

@: berserking, very quick, not resistant to hostile enchantments, extremely
unstealthy
A: unfitting armour, claws 3, fast metabolism 3, gourmand, regeneration 2,
shaggy fur 1, tough skin 2
a: Berserk, Trog's Hand, Burn Spellbooks, Renounce Religion


You were on level 3 of the Dungeon.
You worshipped Trog.
Trog was pleased with you.
You were completely stuffed.

You visited 1 branch of the dungeon, and saw 3 of its levels.

You collected 140 gold pieces.

Inventory:

Hand Weapons
 m - a +0 flail (weapon)
Missiles
 k - 8 javelins (quivered)
Armour
 b - a +0 animal skin (worn)
 h - a +0 cloak (worn)
Scrolls
 d - a scroll of blinking {unknown}
 f - 3 scrolls of remove curse {unknown}
 i - a scroll of random uselessness {unknown}
 l - a scroll of fog {unknown}
 n - a scroll of teleportation {unknown}
Potions
 a - a potion of resistance {unknown}
 e - 2 potions of curing {unknown}
 j - a potion of heal wounds {unknown}
Comestibles
 c - 6 bread rations
 g - 2 beef jerkies
 o - 4 chunks of flesh
 p - 2 fruits


   Skills:
 * Level 3.0 Fighting
 * Level 3.4 Maces & Flails
 + Level 0.6 Throwing
 * Level 3.0 Dodging


You had 3 spell levels left.
You didn't know any spells.

Dungeon Overview and Level Annotations

Branches:
Dungeon (3/15)

Altars:
Elyvilon
Gozag
Qazlal
Ru


Innate Abilities, Weirdness & Mutations

You are too large for most types of armour.
You have claws for hands.
Your metabolism is lightning-fast.
You like to eat raw meat.
You heal very quickly.
You are covered in fur (AC +1).
You have very tough skin (AC +2).


Message History

The gnoll hits you from afar with a spear.
You closely miss the gnoll.
The gnoll is moderately wounded.
The gnoll hits you! The gnoll barely misses you.
The gnoll hits you but does no damage. x2
The gnoll hits you with a whip.
Some of the chunks of flesh in your inventory have rotted away.
You hit the gnoll.
The gnoll is severely wounded.
The gnoll hits you from afar with a spear!
* * * LOW HITPOINT WARNING * * *
The gnoll hits you.
* * * LOW HITPOINT WARNING * * *
The gnoll hits you with a whip!
* * * LOW HITPOINT WARNING * * *
The gnoll misses you.
A red film seems to cover your vision as you go berserk!
You feel yourself moving faster!
You feel mighty!
You feel somewhat less full. The gnoll hits you.
You die...

...... ...............)..........
≈≈≈≈≈≈≈≈≈≈≈≈....≈≈≈≈≈≈≈≈≈≈≈≈≈≈≈≈≈
≈≈≈≈≈≈≈≈≈≈≈≈....≈≈≈≈≈≈≈≈≈≈≈≈≈≈≈≈≈
≈≈≈≈≈≈≈≈≈≈≈≈....≈≈≈≈≈≈≈≈≈≈≈≈#####
............................#.g.#
#####''''#############...#
#....#....... #+### #....#g......
+....@gg..... ############+


You could see 3 gnolls.

Vanquished Creatures
  3 gnolls
  An adder (D:3)
  A worm (D:2)
  2 giant geckos
  An orc (D:3)
  A giant cockroach (D:3)
  7 goblins
  3 hobgoblins
  13 jackals
  A quokka (D:3)
  4 bats
  A giant newt (D:3)
  4 kobolds
  2 rats (D:3)
44 creatures vanquished.

Notes
Turn   | Place    | Note
--------------------------------------------------------------
     0 | D:1      | shmeve the Troll Berserker began the quest for the Orb.
     0 | D:1      | Reached XP level 1. HP: 22/22 MP: 0/0
   372 | D:1      | Reached XP level 2. HP: 29/29 MP: 1/1
   392 | D:1      | Reached skill level 3 in Maces & Flails
   689 | D:2      | Reached XP level 3. HP: 33/36 MP: 2/2
   821 | D:2      | Found an opulent altar of Gozag.
   822 | D:2      | Found a sacrificial altar of Ru.
   826 | D:2      | Found a white marble altar of Elyvilon.
  1436 | D:3      | Reached ** piety under Trog
  1648 | D:3      | Found a stormy altar of Qazlal.
  1722 | D:3      | Reached XP level 4. HP: 45/45 MP: 3/3
  2018 | D:3      | HP: 1/45 [gnoll/whip (7)]
  2019 | D:3      | Slain by a gnoll

Action                   |  1- 3 |  4- 6 || total
-------------------------+-------+-------++-------
Melee: Mace              |    85 |       ||    85
       Flail             |    12 |    26 ||    38
Throw: Javelin           |     7 |       ||     7
Invok: Berserk           |     1 |     1 ||     2
  Eat: Chunk             |    21 |     3 ||    24
       Beef jerky        |     1 |       ||     1
